 Dungeon Crawl Stone Soup version 0.31-a0-133-gaae73658be (webtiles) character file.

Game seed: 1090442175119833877

353 IdlyInterested the Trooper (level 6, -3/51 HPs)
             Began as a Demonspawn Wanderer on June 2, 2023.
             Succumbed to an orc wizard's poison
             ... on level 4 of the Dungeon.
             The game lasted 00:08:47 (3120 turns).

IdlyInterested the Trooper (Demonspawn Wanderer)    Turns: 3120, Time: 00:08:47

Health: -3/51      AC:  6    Str: 13    XL:     6   Next: 35%
Magic:  9/9        EV: 10    Int: 13    God:
Gold:   174        SH:  8    Dex: 14    Spells: 8/9 levels left

rFire   . . .        q - +2 hand axe (freeze)
rCold   . . .        b - +0 buckler
rNeg    . . .        h - +0 ring mail
rPois   .            (no helmet)
rElec   .            l - scarf {shadows}
rCorr   .            (no gloves)
SInv    .            r - +0 pair of boots
Will    .....        f - amulet of regeneration
Stlth   +            (no ring)
HPRegen 1.08/turn    (no ring)
MPRegen 0.22/turn

%: no passive effects
@: lethally poisoned (-3 -> -13)
A: claws 1, large bone plates 1, magic regeneration
a: no special abilities


You were on level 4 of the Dungeon.
You visited 1 branch of the dungeon, and saw 4 of its levels.

You collected 174 gold pieces.

Inventory:

Hand Weapons
 a - a +0 short sword
 e - a +0 mace
 n - a +1 dagger of speed
 q - a +2 hand axe of freezing (weapon)
 s - a +0 spear
Missiles
 i - 23 stones (quivered)
 m - 4 silver javelins
 u - 5 atropa-tipped darts
Armour
 b - a +0 buckler (worn)
 h - a +0 ring mail (worn)
 l - a scarf of shadows (worn)
 r - a +0 pair of boots (worn)
 t - a +1 chain mail of willpower
Jewellery
 f - an amulet of regeneration (around neck)
Scrolls
 c - 3 scrolls of fog
 j - a scroll of teleportation {unknown}
 o - a scroll of poison {unknown}
 p - 2 scrolls of identify
Potions
 d - a potion of curing {unknown}


   Skills:
 * Level 5.2 Fighting
 - Level 1.0 Short Blades
 - Level 1.0 Throwing
 + Level 1.6 Armour
 - Level 1.0 Dodging
 - Level 1.0 Stealth
 * Level 2.1 Shields
 - Level 2.0 Spellcasting
 - Level 4.3 Necromancy
 - Level 1.0 Evocations


You had 8 spell levels left.
You knew the following spells:

 Your Spells              Type           Power      Damage    Failure   Level
a - Kiss of Death         Conj/Necr      24%        2d7       30%         1

Your spell library contained the following spells:

 Spells                   Type           Power      Damage    Failure   Level
 Vampiric Draining        Necr           12%        2d6       36%         3
 Dispel Undead            Necr           12%        3d9       77%         4


Dungeon Overview and Level Annotations

Branches:
Dungeon (4/15)
 Temple: D:4-7

Altars:


Innate Abilities, Weirdness & Mutations

You have sharp fingernails.
You are partially covered in large bone plates. (SH +4)
You regenerate magic rapidly.


Message History

The orc wizard is heavily wounded.
* * * LOW HITPOINT WARNING * * *
You feel very sick.
The orc wizard points at you and mumbles some strange words.
You resist with some effort.
* * * LOW HITPOINT WARNING * * *
You feel very sick.
You're too confused to move!
* * * LOW HITPOINT WARNING * * *
You feel very sick.
You feel sick.
You barely miss the orc wizard.
The orc wizard is heavily wounded.
You feel very sick. The orc wizard casts a spell at you.
The magic dart hits you but does no damage.
The orc wizard hits you but does no damage.
You are more poisoned.
You hit the orc wizard. You freeze the orc wizard.
The orc wizard is severely wounded.
You feel less invigorated.
You feel less confused.
You feel very sick.
The orc wizard hits you but does no damage.
You are more poisoned.
You miss the orc wizard.
The orc wizard is severely wounded.
* * * LOW HITPOINT WARNING * * *
You feel very sick.
The orc wizard hits you with a +1 dagger of venom.
* * * LOW HITPOINT WARNING * * *
You are lethally poisoned!
You closely miss the orc wizard.
The orc wizard is severely wounded.
* * * LOW HITPOINT WARNING * * *
You feel extremely sick. You block the orc wizard's attack. x2
You closely miss the orc wizard.
The orc wizard is severely wounded.
You die...

### ### ...# #..
#..#####.# .....o..#
#.#@# ###### #.))##
#.....
#).).###############
#...................
....................##
..#.....#####.......#
...#.....# #.......#
.. #.....# #.....!.#
#.'#### .........#


You could see an orc wizard.

Vanquished Creatures
  The ghost of Maxmaps the Ducker, an amateur GnGl of Gozag (D:3)
  A scorpion (D:4)
  A hound (D:4)
  7 gnolls (D:4)
  4 adders
  A worm (D:3)
  3 dart slugs
  4 orcs
  3 endoplasms
  A giant cockroach (D:3)
  9 goblins
  5 hobgoblins
  2 jackals (D:2)
  2 quokkas
  8 ball pythons
  4 bats
  3 frilled lizards
  6 kobolds
  6 rats
71 creatures vanquished.

Notes
Turn   | Place    | Note
-------+----------+-------------------------------------------
     0 | D:1      | IdlyInterested the Demonspawn Wanderer began the quest for
                  | the Orb.
     0 | D:1      | IdlyInterested set off with the following items: a +0 short
                  | sword, a +0 buckler, a scroll of fog, a +0 robe; and the
                  | following spell memorised: Kiss of Death; and the following
                  | spells available to memorise: Vampiric Draining, Dispel
                  | Undead.
     0 | D:1      | Reached XP level 1. HP: 13/13 MP: 3/3
   128 | D:1      | Reached skill level 1 in Fighting
   317 | D:1      | Gained mutation: You are partially covered in large bone
                  | plates. (SH +4) [demonic ancestry]
   317 | D:1      | Reached XP level 2. HP: 21/21 MP: 5/5
   503 | D:1      | Reached skill level 1 in Dodging
   782 | D:1      | Reached skill level 2 in Fighting
  1160 | D:2      | Reached XP level 3. HP: 17/27 MP: 6/6
  1321 | D:2      | Reached skill level 1 in Stealth
  1724 | D:2      | Reached skill level 3 in Fighting
  1726 | D:2      | Found a faded altar of an unknown god.
  2093 | D:2      | Reached XP level 4. HP: 31/35 MP: 7/7
  2594 | D:3      | Found a runed translucent door.
  2605 | D:3      | Noticed Maxmaps's ghost (amateur GnGl)
  2830 | D:3      | Killed Maxmaps's ghost
  2831 | D:3      | Reached skill level 4 in Fighting
  2831 | D:3      | Reached skill level 1 in Throwing
  2831 | D:3      | Gained mutation: You have sharp fingernails. [demonic
                  | ancestry]
  2831 | D:3      | Reached XP level 5. HP: 39/43 MP: 8/8
  2882 | D:4      | Gained mutation: You regenerate magic rapidly. [demonic
                  | ancestry]
  2882 | D:4      | Reached XP level 6. HP: 20/50 MP: 9/9
  2885 | D:4      | Reached skill level 5 in Fighting
  3119 | D:4      | HP: 1/51 [poisoned by an orc wizard]
  3120 | D:4      | Succumbed to an orc wizard's poison

Illustrated notes

Levels and vault maps discovered:
D:1:      wander_arrival_lonely_grave, layout_loops_cross, chequers_mini_garden,
          chequers_serial_rivers_micro_a
D:2:      layout_basic, nicolae_ecumenical_lake_church
D:3:      layout_rooms, ebering_ghost_reflecting_pool
D:4:      layout_basic, lemuel_tele_altar, marbit_many_paths,
          lightli_sewer_entry_pipes, interstate_on_off,
          kennysheep_cross_bottleneck

Skill      XL: |  1  2  3  4  5  6 |
---------------+-------------------+-----
Fighting       | 1 2 3 4 5 |  5.2
Dodging        | 1 |  1.0
Stealth        | 1 |  1.0
Throwing       | 1 |  1.0
Shields        | 2 |  2.1
Short Blades   | |  1.0
Armour         | |  1.6
Spellcasting   | |  2.0
Necromancy     | |  4.3
Evocations     | |  1.0

Action                     |  1- 3 |  4- 6 || total
---------------------------+-------+-------++-------
  Melee: Short sword       |   207 |    80 ||   287
         Dagger            |       |    27 ||    27
         Hand axe          |       |    70 ||    70
  Throw: Stone             |       |     2 ||     2
         Javelin           |       |     4 ||     4
    Use: Scroll            |     3 |     2 ||     5
         Potion            |       |     4 ||     4
   Stab: Sleeping          |     1 |       ||     1
 Armour: Leather armour    |    35 |       ||    35
         Ring mail         |    17 |    35 ||    52
  Dodge: Dodged            |    75 |    65 ||   140
  Block: Buckler           |    66 |    61 ||   127

Table legend: (Time is in decaauts)
 A = Elapsed time spent in this place.
 B = Non-inter-level travel time spent in this place.
 C = Inter-level travel time spent in this place.
 D = Time resting spent in this place.
 E = Time spent auto-exploring this place.
 F = Levels seen in this place.
 G = Mean time per level.
                   A        B        C        D        E       F      G
               +--------+--------+--------+--------+--------+-----+--------+
         Total |   3145 |   2712 |    433 |    326 |   1441 |   4 |  786.2 |
       Dungeon |   3145 |   2712 |    433 |    326 |   1441 |   4 |  786.2 |
               +--------+--------+--------+--------+--------+-----+--------+

Top non-repeatable levels by time:
     D:2: 1173 daAuts
     D:1: 1126 daAuts
     D:3: 568 daAuts
     D:4: 276 daAuts
